 Dungeon Crawl Stone Soup version 0.30.1-9-gdf580d7c3d (webtiles) character file.

Game seed: 15469666375837825975

10808 Nonny the Grappler (level 11, -2/81 HPs)
             Began as a Vine Stalker Cinder Acolyte on Oct 25, 2023.
             Was a High Priest of Ignis.
             Slain by Urug
             ... wielding a +4 war axe
              (4 damage)
             ... on level 10 of the Dungeon on Oct 26, 2023.
             The game lasted 00:30:16 (8737 turns).

Nonny the Grappler (Vine Stalker Cinder Acolyte)    Turns: 8737, Time: 00:30:17

Health: -2/81      AC: 29    Str: 20    XL:     11   Next: 67%
Magic:  0/13       EV:  2    Int: 14    God:    Ignis [*****.]
Gold:   599        SH:  5    Dex: 17    Spells: 12/12 levels left

rFire   + .          .
                       - Unarmed
rCold   . . .        j - +0 buckler
rNeg    . . .        y - melded +10 plate armour {ponderous}
rPois   +            t - melded +2 helmet
rElec   .            i - melded +1 cloak
rCorr   .            m - melded +0 pair of gloves
SInv    .            x - melded +0 pair of boots
Will    +....        (no amulet)
Stlth   +            B - +4 ring of protection
HPRegen 1.13/turn    D - +6 ring of dexterity
MPRegen 0.13/turn

%: guardian spirit
@: tree-form, silenced
A: stationary, stasis, torment immunity, boosted hp, (fangs 3), regeneration 1,
magic shield, (antimagic bite), no potion heal 2
a: Renounce Religion


You were on level 10 of the Dungeon.
You worshipped Ignis.
Ignis was extremely pleased with you.
You were a tree.
You visited 2 branches of the dungeon, and saw 11 of its levels.

You collected 687 gold pieces.
You spent 88 gold pieces at shops.

Inventory:

Missiles
 f - 105 poisoned darts
 s - 8 boomerangs of dispersal (quivered)
 z - 4 silver boomerangs
 A - 8 curare-tipped darts
 G - a throwing net
Armour
 g - a +0 plate armour
 i - a +1 cloak (melded)
 j - a +0 buckler (worn)
 m - a +0 pair of gloves (melded)
 t - a +2 helmet (melded)
 x - a +0 pair of boots (melded)
 y - a +10 plate armour of ponderousness (melded)
Jewellery
 B - a +4 ring of protection (left branch)
 D - a +6 ring of dexterity (right branch)
Wands
 h - a wand of flame (11)
 F - a wand of light (5)
Scrolls
 a - 3 scrolls of poison
 b - 3 scrolls of magic mapping
 o - a scroll of enchant armour
 p - 2 scrolls of teleportation
 q - a scroll of immolation {unknown}
 v - a scroll of silence
 E - a scroll of fear {unknown}
 I - 3 scrolls of fog
Potions
 c - a potion of attraction
 d - a potion of resistance {unknown}
 e - 2 potions of lignification
 k - a potion of magic {unknown}
 l - a potion of degeneration {unknown}
 n - 5 potions of curing
 r - 2 potions of flight {unknown}
 u - a potion of haste
 w - 3 potions of mutation
 C - a potion of might
 H - a potion of brilliance


   Skills:
 + Level 4.8 Fighting
 + Level 7.5 Armour
 - Level 3.0 Shields
 + Level 14.8 Unarmed Combat
 - Level 1.1 Spellcasting
 - Level 3.0 Fire Magic


You had 12 spell levels left.
You didn't know any spells.
Your spell library contained the following spells:

 Spells                   Type           Power      Damage    Failure   Level
 Scorch                   Fire           18%        2d5       14%         2
 Magic Dart               Conj           0%         1d3       32%         1
 Call Imp                 Summ           0%         N/A       43%         2
 Cigotuvi's Dreadful Rot  Necr/Pois/Air  0%         N/A       43%         2
 Ensorcelled Hibernation  Hex/Ice        0%         N/A       43%         2
 Passwall                 Tmut/Erth      0%         N/A       43%         2
 Sublimation of Blood     Necr           0%         N/A       43%         2
 Wereblood                Tmut           0%         N/A       43%         2
 Inner Flame              Hex/Fire       4%         N/A       45%         3
 Ignite Poison            Fire/Tmut/Pois 3%         N/A       54%         3
 Hailstorm                Conj/Ice       0%         3d3       67%         3
 Mephitic Cloud           Conj/Pois/Air  0%         N/A       67%         3
 Portal Projectile        Hex/Tloc       0%         N/A       67%         3
 Swiftness                Air            0%         N/A       67%         3
 Tukima's Dance           Hex            0%         N/A       67%         3
 Vhi's Electric Charge    Tloc/Air       0%         N/A       67%         3
 Flame Wave               Conj/Fire      4%         2d5       86%         4
 Sticky Flame             Conj/Fire      4%         2d3       86%         4
 Ice Form                 Ice/Tmut       0%         N/A       97%         4
 Arcjolt                  Conj/Air       0%         1d10      100%        5
 Blade Hands              Tmut           0%         N/A       100%        5
 Freezing Cloud           Conj/Ice/Air   0%         6-21      100%        5
 Plasma Beam              Fire/Air       2%         2x1d13    100%        6
 Simulacrum               Ice/Necr       0%         N/A       100%        6
 Summon Hydra             Summ           0%         N/A       100%        7


Dungeon Overview and Level Annotations

Branches:
Dungeon (10/15)            Temple (1/1) D:6
   Lair: D:8-11         Orc: D:9-12

Altars:
Ashenzari
Cheibriados
Dithmenos
Elyvilon
Fedhas
Gozag
Hepliaklqana
Kikubaaqudgha
Makhleb
Nemelex Xobeh
Okawaru
Qazlal
Ru
Sif Muna
Trog
Uskayaw
Vehumet
Wu Jian
Xom
Yredelemnul
Zin
The Shining One

Shops:
D:7 =   D:9 *

Annotations:
D:3 3 runed translucent doors, archibot's ghost, weakling GnHs
D:10 Urug


Innate Abilities, Weirdness & Mutations

You are a tree.
Your roots penetrate the ground, keeping you stationary.
You cannot be teleported.
You are immune to unholy pain and torment.
Your maximum health is greatly increased.
Your equipment is partially melded.
((You have razor-sharp teeth.))
Your natural rate of healing is unusually fast.
When hurt, damage is shared between your health and your magic reserves.
((Your bite disrupts and absorbs the magic of your enemies.))
Potions cannot restore your health.


Message History

Urug is moderately wounded.
You feel sick. Urug hits you but does no damage.
You closely miss Urug. Your bite misses Urug.
Urug is moderately wounded.
You feel sick. You block Urug's attack.
Press: ? - help, v - describe, . - travel, g - get item
Here: Urug, wielding a +4 war axe, wearing a +0 chain mail and quivering javelins (moderately wounded, strong) Item here: a killer bee corpse.
An open door.
Unknown command.
You pummel Urug!! You bite Urug. You drain her power.
Urug is severely wounded.
You feel sick.
You are no longer poisoned.
You closely miss Urug.
Urug is severely wounded.
Urug hits you with a +4 war axe!!
You completely miss Urug. You bite Urug. You drain her power.
You feel invigorated.
Urug is severely wounded.
Urug hits you but does no damage.
You closely miss Urug.
Urug is severely wounded.
Urug hits you with a +4 war axe!!
* * * LOW HITPOINT WARNING * * *
Unknown command.
Really quaff the potion of lignification?
You turn into a tree.
Your +1 cloak melds into your body.
Your +2 helmet melds into your body.
Your +0 pair of gloves melds into your body.
Your +0 pair of boots melds into your body.
Your +10 plate armour of ponderousness melds into your body.
That put a bit of spring back into your step.
Your roots penetrate the ground.
Urug hits you with a +4 war axe!!
* * * LOW HITPOINT WARNING * * *
Okay, then.
As you read the scroll labelled MYMYDI GIXEVU, it crumbles to dust.
A profound silence engulfs you.
It was a scroll of silence.
Urug hits you with a +4 war axe.
You die...

#.......#.#
###.###
#.......#.#
#.#
#.......#.#
#.#
##.)...##.#
#.# ##.†.###.#
#.#
#######'####.#
...
.............#
#.#
...........###
........♣..#
.#
#######o####
#. #yy. ##
#..y..
#.....y.
#.......#
#...$...#
#####
##.....##
##...## ###
### ##.###.##


You could see Urug (strong) and 3 killer bees.

Vanquished Creatures
  Josephine (D:10)
  A two-headed ogre (D:10)
  Pikel (D:8)
  Joseph (D:9)
  4 kobold demonologists (D:10)
  10 yaks
  4 wraiths (D:10)
  Grum (D:8)
  Edmund (D:6)
  An acid dragon (D:10)
  3 water moccasins
  4 ice beasts
  2 sky beasts
  A black bear (D:4)
  4 orc warriors
  An ogre (D:5)
  4 wolves (D:8)
  3 centaurs
  2 lemures (D:8)
  A phantom (D:5)
  23 kobold brigands
  2 gnoll sergeants
  A bullfrog (D:6)
  2 scorpions (D:5)
  7 killer bees
  3 howler monkeys (D:7)
  5 jellies
  10 orc priests
  3 hounds
  Crazy Yiuf (D:6)
  A sleepcap (D:5)
  2 iguanas
  5 orc wizards
  8 gnolls
  10 adders
  4 dart slugs
  39 orcs
  7 ball pythons
  7 endoplasms
  3 giant cockroaches (D:3)
  9 hobgoblins
  7 jackals
  37 kobolds
  5 quokkas
  5 bats
  6 frilled lizards
  5 goblins
  3 rats (D:1)
270 creatures vanquished.

Notes
Turn   | Place    | Note
-------+----------+-------------------------------------------
     0 | D:1      | Nonny the Vine Stalker Cinder Acolyte began the quest for
                  | the Orb.
     0 | D:1      | Reached XP level 1. HP: 11/11 MP: 3/3
   194 | D:1      | Reached XP level 2. HP: 16/16 MP: 4/4
   197 | D:1      | Beware of goblin wielding +1 dagger of venom east of start.
   290 | D:1      | Starting vault: six door labyrinth
   445 | D:1      | Reached XP level 3. HP: 17/20 MP: 3/5
   485 | D:1      | Head towards southeast for helmet and plate armor.
   716 | D:2      | 4chamber floor
   955 | D:2      | Reached skill level 4 in Unarmed Combat
  1028 | D:2      | Buckler in southeast quadrant.
  1041 | D:2      | Gained mutation: Your natural rate of healing is unusually
                  | fast. [Vine Stalker growth]
  1041 | D:2      | Reached XP level 4. HP: 22/24 MP: 6/6
  1086 | D:1      | D:2 uphatch leads to close to the Dungeon exit!
  1127 | D:2      | Found a faded altar of an unknown god.
  1844 | D:3      | Found a runed translucent gate.
  1844 | D:3      | Found a runed translucent gate.
  1844 | D:3      | Found a runed translucent gate.
  1844 | D:3      | Noticed archibot's ghost (weakling GnHs)
  2084 | D:3      | You fall into a shaft and drop 1 floor!
  2143 | D:4      | Noticed a black bear
  2153 | D:4      | Killed a black bear
  2154 | D:4      | Reached skill level 1 in Armour
  2154 | D:4      | Reached XP level 5. HP: 27/28 MP: 5/7
  2206 | D:4      | Reached skill level 5 in Unarmed Combat
  2313 | D:4      | Reached XP level 6. HP: 32/32 MP: 8/8
  2508 | D:4      | Found a broken altar of Ashenzari.
  2961 | D:3      | +2 helmet in northeast corner.
  3034 | D:5      | Entered Level 5 of the Dungeon
  3044 | D:5      | Noticed a water moccasin
  3059 | D:5      | Killed a water moccasin
  3134 | D:5      | Reached XP level 7. HP: 31/36 MP: 9/9
  3143 | D:5      | Reached skill level 6 in Unarmed Combat
  3231 | D:5      | Reached skill level 1 in Shields
  3424 | D:5      | Reached skill level 7 in Unarmed Combat
  3424 | D:5      | Gained mutation: You have razor-sharp teeth. [Vine Stalker
                  | growth]
  3424 | D:5      | Reached XP level 8. HP: 40/42 MP: 10/10
  4101 | D:6      | Found a staircase to the Ecumenical Temple.
  4108 | D:6      | Temple entrance: circle of statues
  4109 | Temple   | Entered the Ecumenical Temple
  4256 | Temple   | Temple: whatever you call this :)
  4381 | D:6      | Noticed Edmund
  4387 | D:6      | Reached skill level 8 in Unarmed Combat
  4398 | D:6      | Killed Edmund
  4758 | D:6      | Reached skill level 5 in Armour
  4758 | D:6      | Reached XP level 9. HP: 43/45 MP: 9/11
  4880 | D:6      | Reached skill level 9 in Unarmed Combat
  5034 | D:6      | Found a runed translucent door.
  5035 | D:6      | Noticed Crazy Yiuf
  5043 | D:6      | Killed Crazy Yiuf
  5634 | D:7      | Found Nihufez's Jewellery Boutique.
  5830 | D:7      | Reached skill level 10 in Unarmed Combat
  5900 | D:7      | Found a shadowy altar of Dithmenos.
  5968 | D:8      | Found an ancient bone altar of Kikubaaqudgha.
  6082 | D:8      | Noticed Pikel
  6112 | D:8      | Killed Pikel
  6114 | D:8      | Pikel has a +2 will+ robe.
  6204 | D:8      | Found an iron altar of Okawaru.
  6204 | D:8      | Noticed Grum
  6219 | D:8      | Reached skill level 11 in Unarmed Combat
  6219 | D:8      | Reached XP level 10. HP: 46/51 MP: 10/12
  6249 | D:8      | Killed Grum
  6684 | D:8      | Found a sparkling altar of Nemelex Xobeh.
  7010 | D:9      | Reached skill level 12 in Unarmed Combat
  7406 | D:9      | Noticed Joseph
  7421 | D:9      | Killed Joseph
  7624 | D:9      | Found Ingoj's General Store.
  7628 | D:9      | Bought a potion of mutation for 88 gold pieces
  7838 | D:10     | Entered Level 10 of the Dungeon
  7895 | D:10     | Kobold brigand jamboree!
  7909 | D:10     | Reached skill level 13 in Unarmed Combat
  7923 | D:10     | Reached XP level 11. HP: 25/54 MP: 13/13
  8080 | D:10     | Noticed Josephine
  8093 | D:10     | Killed Josephine
  8097 | D:10     | Orc warrior has +2 long sword of holy wrath.
  8102 | D:10     | Reached skill level 14 in Unarmed Combat
  8307 | D:10     | Noticed a two-headed ogre
  8313 | D:10     | Killed a two-headed ogre
  8454 | D:10     | Found an ornate altar of the Wu Jian Council.
  8721 | D:10     | Noticed Urug
  8736 | D:10     | HP: 1/81 [Urug/+4 war axe (23)]
  8737 | D:10     | Slain by Urug

Illustrated notes ##.# .#.# .#.####+## .# .....'...+ ..# ######.<.####### ..# ...#.'[..'.....# ...# ##...##'####.#.### .>.# ###.###.####.#.†.##...# ###.# #....#.###@#....# .##†######.#...##)....# .##.#......###.##.....## ....#.######...#......... ###.#.....#..###......... .##.#####.#.##........... .†'## #...##'....⌠....... ....###'###.............. ...............)......... Turn 197 on D:1: Beware of goblin wielding +1 dagger of venom east of start.

...... .......# .....w.# .
###########.......#
..###................. #
.................. #.
...........†##.#######
#.#####.........@..........
#............(..................
#..........###'###.............#
....⌠....'##...####'....⌠.....#
........##.#.###...##.........#
......###..#.....######.......#
......#...######.#....#.......#
.....##.###......#.##.##......#
....'##...#.######.##..#'.....#


Turn 290 on D:1: Starting vault: six door labyrinth #.#....# #. .. #..###
##)....# ..#.. ###†..##### ##.....## ##.#.#######.........# #......... .
..................# #......... #.#.##...##.........# ..........
#.#.#.....#.........# ..⌠....... #........).########## .......... ###........#
)......... #..[@......# .....$...........#.#..## #####.####.............# .#
#.##.##.......# # #....##..#....# ...#####.....## .... .....## .... #.#.# . Turn
485 on D:1: Head towards southeast for helmet and plate armor. ##..##########
######........<)).# #.........#######.# ....####...## #####.### # ##.##
#.......###. #.# #.###.#..... #.# #.# #.#.###. ##+## #.# #.#.# ##.@.## #.###.#.#
##.....###......># #.......######.### #.........####...####
+.........'........... #.........##.#...#.### ##.......###.##.##.# ##.....##
#.##.# # ##...## #.##.[ Turn 716 on D:2: 4chamber floor #..####........
#..##.........# #..##.#..S.... #............. #........S## #.........###
##..........# #.......##K# #.......##@# #.......##.# # #####...##.# ##
###...##.# .########........# ..................+ .########.......### .#
###...### .# #...# Turn 1028 on D:2: Buckler in southeast quadrant.
#......####.#.####'##.. #......####.....'...'.# #......'..#######.<.###
#......##.....#.'[..'.. ######.######...##'#### #.#######.###.#### #..#..###.#
#....# #..'#..##†######.# #@..##.##.#......# #....#....#.######
#....####.#.....#. #......##.#####.#. #..⌠....'## #...## #.........###'###.
#................. #..##............. ##.........#...... Turn 1086 on D:1: D:2
uphatch leads to close to the Dungeon exit! ######## .......# .......# .......#
###### .......# #....# .......# #.##@# .......######.##.# .......>......##.#
........########.# #######.# #.# #.########'##### #### #.##...........# ...#
#.##...........# ...####.##...........# Turn 2961 on D:3: +2 helmet in northeast
corner. # #.# ###.##### #.# #.......# +# #.#.###.... #.#.### .. #.#...# ##.###.#
# ####..#888#.##.. +.....8...8..... ####....@.8.# #....8...8## #.####888## #.
###..# #+# # ..# #.# ..# #.# #.# ###.## ^# ##...## Turn 4108 on D:6: Temple
entrance: circle of statues .<..#_.#......._..# ...##.....#.......#
#.##.#...###.....## ...##...###.#...## .........###.....## ..........#.......#
.#....._..#.._...## ###.......#.....#.# # ###....###...#@.# ###.#..#####.###.#
##.##....#.#...#### ###.............# .#.._..#.......## ###...#.#.....##
.###.#...#...## ## ####.###### ### Turn 4256 on Temple: Temple: whatever you
call this :) #### ..# #.# ####.#### # #...§§@.# #. #.##.##.# ########
#.##.##.##.####......# ####.......##......####.# ......§[5########### #.#
.≈≈≈≈§≈≈5########## #.# .§§.§§...##.......# ###.##### .§§≈≈≈.≈5##.......#
#.......# .§§...§§5##.......# #.#.###.# Turn 6114 on D:8: Pikel has a +2 will+
robe. .........##.# #.#.#####. ####.....#.####.#.### #. ##...##..........# #.
#.......###.#.#.###. ##.(..### ####....#. #.#### #...... ##'## ##.#.## ##..K##
KK #...# ##...@.##.KKK ##..# ##.....K.KK... #..# #........##########).#
+....$[...+..........# #.........####...##.## ##.......## ##.....# ##.....##
#.##### ##$..## #<# ##+## #.# Turn 7895 on D:10: Kobold brigand jamboree!
##......). .###....# #........# ....... +.....[... ...... #......... #....#
##.......# #.W.. ##.....## WoW ##...## #W# ##'## #@# #.# #.# #.# #.#
#########.#### #.# #............. #.# #.#####.....#. #.# #.# ##...### #.###.#
##.## #.....# ### ####### Turn 8097 on D:10: Orc warrior has +2 long sword of
holy wrath.

Levels and vault maps discovered:
D:1:      nicolae_arrival_somewhat_less_tricky_arrival, layout_rooms,
          palyth_stone_intersect, minmay_misc_feat_five
D:2:      layout_loops_corners, shapermc_ecumenical_altar_mp_urbaneastern
D:3:      layout_basic, gammafunk_ghost_split
D:4:      layout_basic, amcnicky_altar_gilded
D:5:      layout_loops_ring, kennysheep_cross_room, kennysheep_dice
D:6:      layout_loops_corners, minmay_temple_entry_statues, uniq_edmund,
          uniq_crazy_yiuf_cottage
D:7:      layout_loops_cross, nicolae_dithmenos_through_a_glass_darkly,
          serial_shops, nicolae_shop_tiny_statue_garden
D:8:      layout_loops_cross, nemelex_xobeh_ov_fountains_minmay,
          mainiacjoe_overflow_cross_hatched, okawaru_ov_weapons_minmay,
          uniq_grum, uniq_pikel
D:9:      layout_basic, serial_shops, shop, kennysheep_decorative_pillar,
          uniq_joseph
D:10:     kennysheep_six_static_rooms, layout_loops_corners,
          mainiacjoe_overflow_paths, special_room [special_room_kobold],
          uniq_josephine, uniq_urug
Temple:   eino_temple_scatter_basement

Skill      XL: |  1  2  3  4  5  6  7  8  9 10 11 |
---------------+----------------------------------+-----
Fighting       | 3 4 |  4.8
Unarmed Combat | 4 5 7 8 11 13 14 | 14.8
Armour         | 1 2 3 5 6 7 |  7.5
Shields        | 1 2 3 |  3.0
Spellcasting   | |  1.1
Fire Magic     | |  3.0

Action                     |  1- 3 |  4- 6 |  7- 9 | 10-12 || total
---------------------------+-------+-------+-------+-------++-------
  Melee: Unarmed           |   103 |   145 |   347 |   410 ||  1005
         Bite              |    18 |    34 |    96 |   117 ||   265
         Punch             |     3 |       |       |       ||     3
 Invoke: Fiery Armour      |       |     1 |     2 |       ||     3
    Use: Scroll            |       |     3 |    11 |     2 ||    16
         Potion            |       |       |       |     2 ||     2
 Armour: Leather armour    |     6 |       |       |       ||     6
         Plate armour      |    40 |    82 |   237 |   278 ||   637
         Skin              |       |       |       |    18 ||    18
  Dodge: Dodged            |    35 |    24 |    86 |    68 ||   213
  Block: Buckler           |       |    16 |    58 |    70 ||   144
